 Dungeon Crawl Stone Soup version 0.13-a0-2907-g70ca29e (webtiles) character file.

2257 Edwin the Magician (level 9, -2/57 HPs)
             Began as a Mummy Venom Mage on Aug 31, 2013.
             Was an Initiate of Sif Muna.
             Slain by a water moccasin (7 damage)
             ... on Level 7 of the Dungeon.
             The game lasted 00:46:58 (12202 turns).

Edwin the Magician (Mummy Venom Mage)              Turns: 12202, Time: 00:46:58

HP  -2/57        AC  5     Str 12      XL: 9   Next:  1%
MP   1/22        EV 12     Int 17      God: Sif Muna [......]
Gold 269         SH  0     Dex 12      Spells:  3 memorised, 12 levels left

Res.Fire  : x . .   See Invis. : .   k - +2,+7 whip (venom)
Res.Cold  : + . .   Warding    : .   a - +0 robe
Life Prot.: + + +   Conserve   : .   (no shield)
Res.Poison: +       Res.Corr.  : .   g - +0 cap
Res.Elec. : .       Clarity    : .   t - +0 cloak
Sust.Abil.: . .     Spirit.Shd : .   o - +0 pair of gloves
Res.Mut.  : .       Stasis     : .   s - +0 pair of boots
Res.Rott. : +       Flight     : .   (no amulet)
Saprovore : . . .                    i - ring of regeneration
                                     n - +1 ring of strength

@: about to teleport, somewhat resistant to hostile enchantments, unstealthy
A: no food or potions, fire vulnerability, restore body, cold resistance 1, life
protection 3, poison resistance, torment resistance, unbreathing
a: Renounce Religion


You were on level 7 of the Dungeon.
You worshipped Sif Muna.
Sif Muna was noncommittal.
You were not hungry.

You visited 2 branches of the dungeon, and saw 9 of its levels.
You also visited: Sewer.

You collected 249 gold pieces.

Inventory:

Hand weapons
 e - a +2,+1 dagger of venom (quivered)
 k - a +2,+7 whip of venom (weapon)
Armour
 a - a +0 robe (worn)
 g - a +0 cap (worn)
 o - a +0 pair of gloves (worn)
 s - a +0 pair of boots (worn)
 t - a +0 cloak (worn)
Scrolls
 c - a scroll of immolation {unknown}
 d - a scroll of blinking
 f - 3 scrolls of magic mapping
 h - a scroll of recharging
 j - 3 scrolls of identify
 l - a scroll of remove curse
 m - 3 scrolls of amnesia
 r - 2 scrolls of teleportation
Jewellery
 i - a ring of regeneration (right hand)
 n - a +1 ring of strength (left hand)
 u - an uncursed ring of see invisible
Books
 b - a Young Poisoner's Handbook

   Spells                             Type                      Level
   *Sting                             Conjuration/Poison           1
   Cure Poison                        Poison                       2
   *Mephitic Cloud                    Conjuration/Poison/Air       3
   *Olgreb's Toxic Radiance           Poison                       4
   Venom Bolt                         Conjuration/Poison           5
Magical staves
 p - an uncursed staff of earth


   Skills:
 - Level 1.5 Dodging
 - Level 1.5 Stealth
 + Level 6.4 Spellcasting
 + Level 4.9 Conjurations
 - Level 3.3 Air Magic
 + Level 5.8 Poison Magic


You had 12 spell levels left.
You knew the following spells:

 Your Spells              Type           Power        Failure   Level  Hunger
a - Sting                 Conj/Pois      ###.         1%          1    N/A
b - Mephitic Cloud        Conj/Pois/Air  ###.....     8%          3    N/A
c - Olgreb's Toxic Radia  Pois           ####....     14%         4    N/A

Dungeon Overview and Level Annotations

Branches:
Dungeon (8/27)             Temple (1/1) D:7
    Orc: D:6-11        Lair: D:8-13

Altars:
Cheibriados
Elyvilon
Fedhas
Kikubaaqudgha
Makhleb
Nemelex Xobeh
Okawaru
Sif Muna
Vehumet
Xom
Zin

Annotations:
D:6 4tharraofdagon's ghost, average TrMo


Innate Abilities, Weirdness & Mutations

You do not eat or drink.
Your flesh is vulnerable to fire.
Your flesh is cold resistant.
You are immune to negative energy.
Your system is resistant to poisons.
You are immune to unholy pain and torment.
You can survive without breathing.


Message History

The ogre is heavily wounded.
The water moccasin bites you but does no damage.
The ogre barely misses you. The water moccasin bites you!
* * * LOW HITPOINT WARNING * * *
The water moccasin barely misses you.
The ogre is engulfed in noxious fumes.
The ogre appears confused.
The ogre hits the water moccasin with a giant club!
Read which item? (? for menu, Esc to quit)
As you read the scroll of teleportation, it crumbles to dust.
You feel strangely unstable. The water moccasin bites you!
* * * LOW HITPOINT WARNING * * *
The ogre is engulfed in noxious fumes.
The ogre appears confused.
The water moccasin closely misses you.
A hound comes into view.
The ogre is engulfed in noxious fumes.
The ogre appears confused.
The water moccasin bites you but does no damage.
You barely miss the hound. The hound bites you but does no damage.
The water moccasin bites you!
You die...

#.# ####'###### #.##
#.........#
...#######.......>.#
#........'<.......O#
#.########.........#
..# #.........# .##
#.........# .#
#......S..# .#
#......@).# .#
#......h..# .#
######...## .#
####...### .#
#.......# '#####
#.......# .....#
#.......#
.....#####.......#
.....'..##.......#


You could see an ogre (confused), a water moccasin and a hound.

Vanquished Creatures
  An orc warrior (D:7)
  A phantom (D:5)
  3 ogres
  6 big kobolds (Sewer)
  A centaur (D:7)
  2 giant frogs
  2 crimson imps
  A jelly (D:5)
  2 goliath beetles
  2 orc priests
  3 orc wizards
  2 hounds
  2 iguanas
  4 worker ants
  Ijyb (D:5)
  A big kobold skeleton (D:7)
  A hound zombie (D:5)
  A hound skeleton (D:4)
  2 green rats (Sewer)
  A gnoll (D:5)
  13 adders
  4 giant mites
  6 worms
  An adder zombie (D:6)
  An adder skeleton (D:4)
  2 giant eyeballs
  6 giant geckos
  4 oozes
  17 orcs
  A bat skeleton (D:4)
  10 giant cockroaches
  9 goblins
  4 grey rats
  15 hobgoblins
  20 kobolds
  9 ball pythons
  11 bats
  A giant cockroach zombie (D:5)
  6 giant newts
  A hobgoblin zombie (D:7)
  12 jackals
  A jackal skeleton (D:4)
  A kobold skeleton (D:6)
  An orc skeleton (D:6)
  A quokka (D:6)
  13 rats
  A rat skeleton (D:7)
210 creatures vanquished.

Vanquished Creatures (others)
  A plant (D:7)
1 creature vanquished.

Grand Total: 211 creatures vanquished

Notes
Turn   | Place    | Note
--------------------------------------------------------------
     0 | D:1      | Edwin, the Mummy Venom Mage, began the quest for the Orb.
     0 | D:1      | Reached XP level 1. HP: 13/13 MP: 3/3
   251 | D:1      | Reached XP level 2. HP: 16/19 MP: 2/4
   910 | D:1      | Reached XP level 3. HP: 15/24 MP: 7/7
  1168 | D:1      | Learned a level 3 spell: Mephitic Cloud
  2122 | D:2      | Found a sparkling altar of Nemelex Xobeh.
  2125 | D:2      | Found a radiant altar of Vehumet.
  2533 | D:2      | Reached XP level 4. HP: 8/30 MP: 3/9
  2754 | D:2      | Learned a level 4 spell: Olgreb's Toxic Radiance
  3652 | D:3      | Paralysed by a giant eyeball for 2 turns
  4050 | D:3      | Reached skill level 1 in Air Magic
  4218 | D:3      | Reached skill level 1 in Conjurations
  4218 | D:3      | Reached XP level 5. HP: 16/35 MP: 8/11
  4851 | D:4      | Noticed an ogre
  5012 | D:4      | Reached skill level 4 in Spellcasting
  5147 | D:4      | Killed an ogre
  5147 | D:4      | Reached XP level 6. HP: 41/41 MP: 12/14
  5702 | D:5      | Entered Level 5 of the Dungeon
  5807 | D:5      | Found a glowing drain.
  5870 | Sewer    | Entered a sewer
  6240 | Sewer    | Reached XP level 7. HP: 46/46 MP: 8/16
  7497 | D:5      | Reached skill level 5 in Spellcasting
  7723 | D:5      | Reached XP level 8. HP: 45/52 MP: 14/19
  7743 | D:5      | Noticed Ijyb
  7781 | D:5      | Killed Ijyb
  8617 | D:6      | Noticed 4tharraofdagon's ghost (average TrMo)
  8886 | D:5      | Reached skill level 5 in Poison Magic
 10668 | D:5      | Reached skill level 6 in Spellcasting
 11371 | D:7      | Found a blossoming altar of Fedhas.
 11524 | D:7      | Reached XP level 9. HP: 53/57 MP: 12/22
 11633 | D:7      | Found a staircase to the Ecumenical Temple.
 11680 | Temple   | Entered the Ecumenical Temple
 11791 | Temple   | Became a worshipper of Sif Muna the Loreminder
 12202 | D:7      | Slain by a water moccasin

Action                   |  1- 3 |  4- 6 |  7- 9 || total
-------------------------+-------+-------+-------++-------
Melee: Dagger            |   110 |       |       ||   110
       Whip              |    14 |   110 |   272 ||   396
 Cast: Sting             |    33 |   149 |   172 ||   354
       Mephitic Cloud    |       |     9 |    23 ||    32
       Olgreb's Toxic Ra |       |       |     9 ||     9
  Use: Scroll            |       |    11 |     9 ||    20
 Stab: Sleeping          |       |     1 |     1 ||     2
       Confused          |       |       |     1 ||     1
       Distracted        |       |       |     1 ||     1
